 Seeded DCSS version 0.29.1-15-g9cfb28693d (webtiles) character file.

Game seed: 64003 (custom seed)

3918 bmack86 the Cleaver (level 10, -3/82 (86) HPs)
             Began as a Minotaur Fighter on Apr 7, 2023.
             Was an Elder of Okawaru.
             Slain by a death yak (9 damage)
             ... on level 7 of the Dungeon.
             The game lasted 00:18:19 (6444 turns).

bmack86 the Cleaver (Minotaur Fighter)              Turns: 6444, Time: 00:18:19

HP:   -3/82 (86)    AC: 20    Str: 34    XL:     10   Next: 1%
MP:   11/11         EV: 10    Int:  5    God:    Okawaru [****..]
Gold: 511           SH:  7    Dex: 11    Spells: 9/9 levels left

rFire   . . .      SeeInvis .   a - +1 war axe (vamp)
rCold   . . .      Faith    .   c - +0 buckler
rNeg    . . .      Spirit   .   A - +0 plate armour
rPois   .          Reflect  .   (helmet restricted)
rElec   .          Harm     .   (no cloak)
rCorr   .          Rampage  .   m - +0 pair of gloves
Will    +....                   g - +2 pair of boots
Stlth   ..........              v - amulet of regeneration
HPRegen 1.03/turn               q - ring of Descent {Will+ Str+10}
MPRegen 0.12/turn               (no ring)

@: heroic, hasted and slowed, lightly drained
A: horns 2, retaliatory headbutt
a: Renounce Religion, Heroism, Finesse


You were on level 7 of the Dungeon.
You worshipped Okawaru.
Okawaru was greatly pleased with you.
You visited 2 branches of the dungeon, and saw 9 of its levels.
You also visited: Sewer.

You collected 511 gold pieces.

Inventory:

Hand Weapons
 a - a +1 vampiric war axe (weapon)
 B - the +7 long sword of the Telling Salmon {flame, rCorr Stlth+}
   (You found it on level 4 of the Dungeon)

   It burns those it strikes, dealing additional fire damage.
   Big, fiery blades are also staple armaments of hydra-hunters.
   rCorr:     It protects you from acid and corrosion.
   Stlth:     It makes you more stealthy.
 C - a +0 war axe
Missiles
 s - 10 boomerangs (quivered)
 w - 5 poisoned darts
Armour
 c - a +0 buckler (worn)
 g - a +2 pair of boots (worn)
 m - a +0 pair of gloves (worn)
 A - a +0 plate armour (worn)
Jewellery
 b - an amulet of the acrobat
 q - the ring of Descent (left hand) {Will+ Str+10}
   (You found it on level 2 of the Dungeon)

   [ring of willpower]

   Str:       It affects your strength (+10).
   Will:      It increases your willpower.
 v - an amulet of regeneration (around neck)
Wands
 e - a wand of flame (6)
 j - a wand of mindburst (13)
 r - a wand of digging (5)
 t - a wand of paralysis (7)
 u - a wand of polymorph (12)
Scrolls
 h - 2 scrolls of blinking
 x - a scroll of magic mapping
Potions
 d - 2 potions of might
 f - 3 potions of degeneration
 k - a potion of attraction
 n - a potion of lignification
 o - a potion of heal wounds {unknown}
 p - 2 potions of flight {unknown}
 z - a potion of magic {unknown}
 D - a potion of brilliance {unknown}


   Skills:
 + Level 7.6(12.6) Fighting
 * Level 9.9(14.9) Axes
 + Level 5.2(10.2) Throwing
 + Level 7.7(12.7) Armour
 + Level 7.7(12.7) Shields
 + Level 3.9 Invocations


You had 9 spell levels left.
You didn't know any spells.
Your spell library contained the following spells:

 Spells                   Type           Power      Damage    Failure   Level
 Beastly Appendage        Tmut           0%         N/A       97%         1
 Magic Dart               Conj           0%         1d3       97%         1
 Ensorcelled Hibernation  Hex/Ice        0%         N/A       99%         2
 Passwall                 Tmut/Erth      0%         N/A       99%         2
 Searing Ray              Conj           0%         2d4       99%         2
 Wereblood                Tmut           0%         N/A       99%         2
 Inner Flame              Hex/Fire       0%         N/A       100%        3
 Spider Form              Tmut/Pois      0%         N/A       100%        3
 Swiftness                Air            0%         N/A       100%        3
 Cause Fear               Hex            0%         N/A       100%        4
 Fulminant Prism          Conj/Hex       0%         3d6       100%        4
 Borgnjor's Revivificati  Necr           0%         N/A       100%        8
 Discord                  Hex            0%         N/A       100%        8
 Necromutation            Tmut/Necr      0%         N/A       100%        8
 Death's Door             Necr           0%         N/A       100%        9


Dungeon Overview and Level Annotations

Branches:
Dungeon (8/15)             Temple (1/1) D:4           Sewer (visited)
   Lair: D:8-11

Altars:
Ashenzari
Cheibriados
Fedhas
Gozag
Kikubaaqudgha
Makhleb
Okawaru
Qazlal
Ru
Uskayaw
Vehumet
Xom
Yredelemnul
Zin
The Shining One


Innate Abilities, Weirdness & Mutations

You have a pair of horns on your head.
You reflexively headbutt those who attack you in melee.


Message History

Okawaru accepts your kill.
You closely miss the hornet. You hit the death yak but do no damage.
You hit the death yak.
You feel better. The hornet misses you. You furiously retaliate!
You headbutt the hornet. The death yak misses you.
The death yak gores you but does no damage.
The hornet closely misses you. The death yak gores you! The hornet stings you.
You feel yourself slow down.
There is a stone staircase leading up here.
Things that are here:
a hell rat corpse; a hornet corpse The hornet stings you!
You feel as though you will be slow longer.
The hell rat misses you. The death yak closely misses you.
The death yak gores you! You block the hornet's attack.
You climb upwards.
There is a stone staircase leading down here.
You slash the death yak!
You feel better.
The death yak is heavily wounded.
You slash the hell rat! You completely miss the hornet.
You slash the death yak! The hell rat bites you.
You feel drained. You block the hornet's attack.
The death yak gores you but does no damage. x2
The hell rat bites you!
* * * LOW HITPOINT WARNING * * *
You feel drained.
* * * LOW HITPOINT WARNING * * *
The hornet stings you.
* * * LOW HITPOINT WARNING * * *
You feel as though you will be slow longer.
Okay, then.
You feel yourself speed up.
The hornet stings you but does no damage.
The death yak gores you!
* * * LOW HITPOINT WARNING * * *
You block the death yak's attack.
The hell rat twitches its whiskers.
The hell rat barely misses you. You furiously retaliate!
You headbutt the hell rat! The hornet closely misses you.
You furiously retaliate!
You headbutt the hornet! The death yak gores you!
You die...

######## .......# #####
######.# #...#
.....#.######...#########
...............y@r......#
...#.#.........YY...(...#
...#.#..................#
####)#).................#
...).#.########.........#
######.# #.........#
.......# #.........#
.......# #.........#
######.# ##.########


You could see 2 death yaks, a hornet and a hell rat.

Vanquished Creatures
  A death yak (D:8)
  Maggie (D:6)
  Prince Ribbit (D:7)
  A hornet (D:8)
  Pargi (Sewer)
  2 orc warriors (D:6)
  3 ice beasts
  A black bear (D:7)
  2 ogres (D:5)
  A centaur (D:8)
  Blork the orc (D:5)
  A gnoll sergeant (D:3)
  2 scorpions
  2 necrophages
  10 wights
  4 orc priests
  3 hounds
  A gnoll bouda (D:6)
  2 iguanas (D:6)
  10 orc wizards
  A hell rat (D:8)
  10 adders
  12 gnolls
  A white imp (D:6)
  An ufetubus (D:6)
  3 dart slugs
  34 orcs
  4 bats
  10 endoplasms
  5 giant cockroaches
  4 hobgoblins
  6 kobolds
  5 quokkas
  6 ball pythons
  11 frilled lizards
  4 goblins
  6 rats
173 creatures vanquished.

Notes
Turn   | Place    | Note
-------+----------+-------------------------------------------
     0 | D:1      | bmack86 the Minotaur Fighter began the quest for the Orb.
     0 | D:1      | Reached XP level 1. HP: 19/19 MP: 0/0
   269 | D:1      | Reached XP level 2. HP: 23/27 MP: 1/1
   501 | D:1      | Reached skill level 3 in Axes
   853 | D:2      | Reached XP level 3. HP: 33/33 MP: 2/2
  1234 | D:2      | Identified the ring of Descent {Will+ Str+10}
  1347 | D:3      | Reached XP level 4. HP: 28/40 MP: 3/3
  1497 | D:3      | Reached skill level 4 in Axes
  1740 | D:3      | Noticed a gnoll sergeant
  1745 | D:3      | Killed a gnoll sergeant
  1746 | D:3      | Reached skill level 1 in Throwing
  1746 | D:3      | Reached XP level 5. HP: 39/47 MP: 4/4
  1855 | D:3      | Found a blossoming altar of Fedhas.
  1864 | D:3      | Found a basalt altar of Yredelemnul.
  1967 | D:3      | Found a faded altar of an unknown god.
  2151 | D:3      | Found a sacrificial altar of Ru.
  2232 | D:4      | Reached XP level 6. HP: 52/53 MP: 5/5
  2261 | D:4      | Found a staircase to the Ecumenical Temple.
  2272 | Temple   | Entered the Ecumenical Temple
  2464 | D:4      | Reached skill level 5 in Axes
  2497 | D:4      | Found a glowing drain.
  2506 | Sewer    | Entered a sewer
  2613 | Sewer    | Noticed Pargi
  2626 | Sewer    | Killed Pargi
  2627 | Sewer    | Reached skill level 5 in Armour
  2627 | Sewer    | Reached skill level 5 in Shields
  2863 | D:4      | Reached skill level 5 in Fighting
  2870 | D:4      | HP: 2/56 [poisoned by an orc wizard]
  3371 | D:4      | Identified the +7 long sword of the Telling Salmon {flame,
                  | rCorr Stlth+}
  3711 | D:5      | Entered Level 5 of the Dungeon
  3722 | D:5      | Noticed Blork the orc
  3732 | D:5      | Killed Blork the orc
  3733 | D:5      | Reached XP level 7. HP: 58/61 MP: 6/6
  3828 | D:5      | Reached skill level 6 in Axes
  3857 | D:5      | Found an opulent altar of Gozag.
  4382 | D:5      | Found an iron altar of Okawaru.
  4391 | D:5      | Became a worshipper of Warmaster Okawaru
  4636 | D:6      | Noticed Maggie
  4641 | D:6      | HP: 3/61 [Maggie/+1 glaive of flaming (2)]
  4645 | D:6      | Killed Maggie
  4645 | D:6      | Reached * piety under Okawaru
  4646 | D:6      | Reached skill level 7 in Axes
  4646 | D:6      | Reached skill level 1 in Invocations
  4646 | D:6      | Reached XP level 8. HP: 15/70 MP: 7/7
  4992 | D:6      | Found a broken altar of Ashenzari.
  5093 | D:6      | Reached skill level 8 in Axes
  5129 | D:6      | Reached ** piety under Okawaru
  5279 | D:6      | Found a snail-covered altar of Cheibriados.
  5658 | D:7      | Noticed Prince Ribbit
  5666 | D:7      | Killed Prince Ribbit
  5667 | D:7      | Reached XP level 9. HP: 78/78 MP: 9/9
  6045 | D:7      | Reached skill level 9 in Axes
  6399 | D:8      | Reached *** piety under Okawaru
  6416 | D:8      | Noticed a death yak
  6418 | D:8      | Noticed a death yak
  6423 | D:8      | Noticed a death yak
  6424 | D:8      | Killed a death yak
  6424 | D:8      | Reached **** piety under Okawaru
  6425 | D:8      | Reached skill level 5 in Throwing
  6438 | D:8      | Reached XP level 10. HP: 77/86 MP: 11/11
  6444 | D:7      | Slain by a death yak

Illustrated notes

Levels and vault maps discovered:
D:1:      dpeg_arrival_castle, layout_loops_cross
D:2:      layout_rooms
D:3:      layout_basic, nicolae_overflow_ecumenical_swirl,
          amethyst_overflow_temple_binary, grunt_decor_cap,
          kennysheep_cross_room, nicolae_figureground_pulse
D:4:      layout_loops_ring, minmay_temple_entry_mist, gup_sewer_entry_bubbles,
          grunt_decor_one_mirror
D:5:      layout_rooms, old_standard_altar, nicolae_gozag_seed_capital,
          minivault_25, uniq_blork_the_orc
D:6:      layout_loops_cross, lemuel_tele_altar, kennysheep_little_box,
          uniq_maggie
D:7:      layout_basic, uniq_prince_ribbit1
D:8:      layout_rooms, riverfiend_overflow_shadow_ancestor,
          nzn_wu_jian_council_hall, nemelex_xobeh_ov_fountains_minmay,
          dpeg_lair_monsters, minmay_misc_feat_rugged, uniq_pikel, uniq_grum
Temple:   nicolae_temple_two_arcs

Skill      XL: |  1  2  3  4  5  6  7  8  9 |
---------------+----------------------------+-----
Axes           | 3 4 5 7 8 9 |  9.9
Armour         | 4 5 6 7 |  7.7
Fighting       | 4 5 6 7 |  7.6
Shields        | 4 5 6 7 |  7.7
Throwing       | 1 2 3 4 5 |  5.2
Invocations    | 1 2 3 |  3.9

Action                   |  1- 3 |  4- 6 |  7- 9 | 10-12 || total
-------------------------+-------+-------+-------+-------++-------
Melee: War axe           |    68 |    81 |   194 |     3 ||   346
       Headbutt          |     6 |     9 |    39 |       ||    54
Throw: Boomerang         |       |    19 |    60 |       ||    79
Invok: Heroism           |       |       |     3 |       ||     3
  Use: Potion            |       |     4 |     1 |     1 ||     6
       Scroll            |       |     3 |    13 |       ||    16
Armor: Scale mail        |    52 |    46 |     6 |       ||   104
       Chain mail        |       |       |    61 |       ||    61
       Plate armour      |       |       |    51 |     4 ||    55
Dodge: Dodged            |    29 |    52 |    82 |     7 ||   170
Block: Buckler           |    18 |    18 |    57 |     3 ||    96
